 Dungeon Crawl Stone Soup version 0.25-a0-496-g8c4878dea3 (webtiles) character file.

Game seed: 17147308238568050362, levelgen mode: deterministic

37 Emblim88 the Ducker (level 3, 0/19 HPs)
             Began as a Spriggan Abyssal Knight on Feb 12, 2020.
             Was a Follower of Lugonu.
             Succumbed to an adder's poison
             ... on level 1 of the Dungeon.
             The game lasted 00:02:14 (817 turns).

Emblim88 the Ducker (Spriggan Abyssal Knight)        Turns: 817, Time: 00:02:15

Health: 0/19       AC:  2    Str:  8    XL:     3   Next: 23%
Magic:  5/5        EV: 19    Int: 13    God:    Lugonu [*.....]
Gold:   64         SH:  0    Dex: 16    Spells: 2/2 levels left

rFire    . . .     SeeInvis +   a - +1 falchion
rCold    . . .     Gourm    .   (shield restricted)
rNeg     . . .     Faith    .   b - +0 robe
rPois    .         Spirit   .   (helmet restricted)
rElec    .         Reflect  .   (no cloak)
rCorr    .         Harm     .   (gloves unavailable)
MR       .....                  (boots unavailable)
Stlth    ++........             d - amulet of rage
HPRegen  0.06/turn              (no ring)
MPRegen  0.09/turn              (no ring)

@: lethally poisoned (0 -> -2), very quick
A: very small, unfitting armour, see invisible, herbivore, speed 3, slow
metabolism 2
a: Depart the Abyss, Renounce Religion, Evoke Berserk Rage


You were on level 1 of the Dungeon.
You worshipped Lugonu.
Lugonu was aware of your devotion.
You were not hungry.

You visited 1 branch of the dungeon, and saw 2 of its levels.
You visited the Abyss 1 time.

You collected 64 gold pieces.

Inventory:

Hand Weapons
 a - a +1 falchion (weapon)
Missiles
 f - 51 stones (quivered)
Armour
 b - a +0 robe (worn)
Jewellery
 d - an amulet of rage (around neck)
Scrolls
 e - a scroll of enchant armour {unknown}
 g - a scroll of random uselessness {unknown}
 h - a scroll of fear {unknown}
Comestibles
 c - a ration


   Skills:
 + Level 2.6 Fighting
 + Level 1.8 Long Blades
 * Level 4.2 Dodging
 * Level 2.5 Stealth
 + Level 2.1 Invocations


You had 2 spell levels left.
You didn't know any spells.
Your spell library was empty.

Dungeon Overview and Level Annotations

Branches:
Dungeon (2/15)

Altars:


Innate Abilities, Weirdness & Mutations

You are very small and have problems with some larger weapons.
You are too small for most types of armour.
You have supernaturally acute eyesight. (SInv)
You are a herbivore.
You cover ground extremely quickly.
You need to consume almost no food.


Message History

You feel sick.
You climb upwards.
You feel sick.
There is a stone staircase leading down here.
* * * LOW HITPOINT WARNING * * *
You feel sick.
You aren't carrying any potions.
* * * LOW HITPOINT WARNING * * *
You feel sick.
* * * LOW HITPOINT WARNING * * *
You feel sick.
* * * LOW HITPOINT WARNING * * *
You feel sick.
There is a lethal amount of poison in your body!
* * * LOW HITPOINT WARNING * * *
You feel sick.
* * * LOW HITPOINT WARNING * * *
You feel sick.
* * * LOW HITPOINT WARNING * * *
You feel sick.
You die...

.##'.#≈#.#........#
.#<#≈#.#.#........#
.###.#.#.#........#
#...##.#.#.......##
#####.##.#......##
.....##.##.[..###
######.##....##
...≈..##..###############
#######..## #.@.......#
.........######.........#
.............##.........#
...(.....##.............#
..#############.(.......#
..##.........##.........#
..##.........##.........#
..##.........############
.............#


There were no monsters in sight!

Vanquished Creatures
  An adder (D:2)
  A worm (D:2)
  2 dart slugs (D:1)
  A leopard gecko (D:1)
  A bat (D:1)
  2 giant cockroaches (D:1)
  3 goblins (D:1)
  2 hobgoblins (D:1)
  2 kobolds (D:1)
  A ball python (D:1)
  5 rats (D:1)
21 creatures vanquished.

Notes
Turn   | Place    | Note
-------+----------+-------------------------------------------
     0 | Abyss:1  | Emblim88 the Spriggan Abyssal Knight began the quest for
                  | the Orb.
     0 | Abyss:1  | Reached XP level 1. HP: 11/11 MP: 3/3
    96 | Abyss:1  | Noticed a ynoxinul
    97 | D:1      | Escaped the Abyss
   244 | D:1      | Reached skill level 1 in Stealth
   378 | D:1      | Reached * piety under Lugonu
   378 | D:1      | Reached XP level 2. HP: 16/16 MP: 4/4
   391 | D:1      | Reached skill level 4 in Dodging
   768 | D:2      | Reached XP level 3. HP: 19/19 MP: 5/5
   817 | D:1      | Succumbed to an adder's poison

Levels and vault maps discovered:
D:1:      evilmike_arrival_rings, layout_rooms
D:2:      lemuel_upstairs_altar, layout_basic, nicolae_overflow_crystal_walls,
          chequers_ecumenical_altar_lobes, hangedman_abyss_or_decor_stabs

Skill      XL: |  1  2 |
---------------+-------+-----
Stealth        | 1 2 |  2.5
Dodging        | 4 |  4.2
Invocations    | 2 |  2.1
Fighting       | |  2.6
Long Blades    | |  1.8

Action                   || total
-------------------------++-------
Melee: Falchion          ||    44
Invok: Depart the Abyss  ||     1
Armor: Robe              ||     3
Dodge: Dodged            ||    35
       Rpst.: Falchion   ||    14

Table legend:
 A = Non-vault XP
 B = Vault XP
 C = Vault XP percentage of total XP
 D = Non-vault monster count
 E = Vault monster count
 F = Vault count percentage of total count
                 A         B        C        D         E       F
            +---------+---------+-------+---------+---------+-------
      Total |      54 |       0 |   0.0 |      21 |       0 |   0.0
            +---------+---------+-------+---------+---------+-------
        D:1 |      36 |       0 |   0.0 |      19 |       0 |   0.0
        D:2 |      18 |       0 |   0.0 |       2 |       0 |   0.0
            +---------+---------+-------+---------+---------+-------
